Blues vs Kings

Created - Tuesday, October 14, 2014 at 23:16

Goals
1 2 3 T
Blues 0 0 0 0
Kings 0 2 0 2
Shots
1 2 3 T
Blues 6 11 3 20
Kings 9 10 10 29

1st period

No Goal

Penalties :
Adam McQuaid (LA ) for High sticking (Minor) at 2:10, Anders Lee (StL) for Tripping (Minor) at 5:25, Hampus Lindholm (StL) for Tripping (Minor) at 11:01

2nd period

1. Kings , Henrik Tallinder 2 (Matt Cullen, Carl Soderberg) at 12:04
2. Kings , Ryan Johansen 2 (Tomas Kopecky) at 18:35

Penalties :
Zdeno Chara (StL) for Diving (Minor) at 3:38, Rick Nash (StL) for Hooking (Minor) at 9:14

3rd period

No Goal

Penalties :
Johan Franzen (StL) for Holding (Minor) at 5:00, Andrew Desjardins (StL) for Boarding (Minor) at 15:21, Andrew Desjardins (StL) for Boarding (Minor) at 18:36

Goalie Stats

Henrik Lundqvist (StL), 27 saves from 29 shots - (0.931), L, 2-1-0, 60:00 minutes
Tuukka Rask (LA ), 20 saves from 20 shots - (1.000), W, 5-0-0, 60:00 minutes

Players Stats for Blues

Player Name              G  A  P  +/- PIM S  H  SB GA TA FO     MP     PP MP  PK MP  
------------------------------------------------------------------------------------
Anders Lee               0  0  0   0  2   0  0  0  1  1  0/0     8:10   0:00   0:00 
Andrew Desjardins        0  0  0  -1  4   1  2  0  0  0  5/6    15:22   0:00   2:23 
Artem Anisimov           0  0  0  -1  0   1  1  1  3  0  0/0    13:56   1:11   0:00 
Brandon Saad             0  0  0  -1  0   0  0  0  2  0  0/0    13:26   1:11   0:00 
Bryan Allen              0  0  0  -1  0   0  0  5  0  0  0/0    19:24   0:00   7:56 
Cam Atkinson             0  0  0  -1  0   1  1  0  2  0  0/0    13:42   0:00   0:00 
Colton Sissons           0  0  0   0  0   1  1  0  0  1  0/4     8:09   0:00   0:00 
Hampus Lindholm          0  0  0   0  2   0  0  0  0  0  0/0     7:05   1:20   0:00 
Johan Franzen            0  0  0   0  2   1  3  1  1  0  1/3    18:06   0:47   5:59 
Josh Gorges              0  0  0   0  0   3  1  4  0  2  0/0    21:40   0:39   7:20 
Kevan Miller             0  0  0   0  0   0  2  3  0  2  0/0    18:36   0:00   5:57 
Mark Fayne               0  0  0  -1  0   1  1  0  0  1  0/0    14:11   0:00   0:00 
Matt Donovan             0  0  0  -1  0   1  0  0  0  3  0/0    15:31   1:20   0:00 
Rick Nash                0  0  0   0  2   5  0  0  5  0  1/6    22:06   0:48   5:30 
Sean Couturier           0  0  0   0  0   0  1  0  0  0  10/15  19:22   0:48   6:21 
Steve Ott                0  0  0  -1  0   1  0  0  0  0  6/9    20:27   0:48   6:21 
Tomas Tatar              0  0  0  -1  0   3  1  1  3  0  0/0    13:21   0:24   0:00 
Zdeno Chara              0  0  0  -1  2   1  2  1  1  4  0/0    24:02   0:39   5:21 

Players Stats for Kings

Player Name              G  A  P  +/- PIM S  H  SB GA TA FO     MP     PP MP  PK MP  
------------------------------------------------------------------------------------
Adam McQuaid             0  0  0   1  2   1  2  1  1  0  0/0    12:08   0:00   0:00 
Cam Fowler               0  0  0   1  0   3  1  1  2  2  0/0    26:50   7:35   1:26 
Carl Soderberg           0  1  1   2  0   2  2  0  1  1  0/1    19:24   5:37   0:00 
Duncan Keith             0  0  0   0  0   1  1  1  0  1  0/0    17:40   0:00   0:33 
Henrik Tallinder         1  0  1   1  0   2  0  1  0  2  0/0    18:42   5:42   0:00 
John Erskine             0  0  0   0  0   0  0  0  0  0  0/0     0:00   0:00   0:00 
Keith Yandle             0  0  0   1  0   2  1  1  1  0  0/0    23:38   7:35   1:26 
Ladislav Smid            0  0  0   0  0   2  5  2  0  1  0/0    21:30   5:42   0:33 
Matt Cullen              0  1  1   1  0   4  2  0  3  0  0/0    15:52   0:30   0:00 
Mika Zibanejad           0  0  0   0  0   1  1  1  0  0  0/0    21:08   7:10   1:17 
Mikhail Grigorenko       0  0  0   0  0   0  0  0  0  0  0/0     0:00   0:00   0:00 
Milan Lucic              0  0  0   0  0   4  0  0  2  0  3/4    21:09   7:10   0:42 
Ryan Johansen            1  0  1   1  0   5  1  1  2  2  1/3    21:19   6:32   0:42 
Ryan Malone              0  0  0   0  0   0  0  0  0  0  0/0     6:17   0:00   0:00 
Tomas Kopecky            0  1  1   1  0   0  0  0  0  0  3/6    12:36   0:00   0:00 
Tyler Seguin             0  0  0   0  0   1  0  1  4  0  7/15   22:43   6:25   1:17 
Vincent Trocheck         0  0  0   1  0   1  1  0  1  0  0/1    16:45   0:20   0:00 
Vladislav Namestnikov    0  0  0   0  0   0  2  0  2  1  6/13   20:19   6:07   0:00 

3 Stars

1 - Tuukka Rask (LA )
2 - Ryan Johansen (LA )
3 - Henrik Tallinder (LA )

Power Play

Blues - 0 on 1 Attempt(s) - 0.00%
Kings - 0 on 7 Attempt(s) - 0.00%

Penalty Kill

Blues - 7 on 7 Attempt(s) - 100.00% - Score 0 goal in Penalty Kill
Kings - 1 on 1 Attempt(s) - 100.00% - Score 0 goal in Penalty Kill

Official

Referees : Unknown
Linesman : Unknown

Game Notes

No Game Note

Finance

Level 1 -- Attendance: 6000 (100.00%) -- Ticket Income $540,000
Level 2 -- Attendance: 3859 (77.18%) -- Ticket Income $219,963
Level 3 -- Attendance: 1877 (93.85%) -- Ticket Income $60,064
Level 4 -- Attendance: 4000 (100.00%) -- Ticket Income $72,000
Luxury Box -- Attendance: 838 (83.80%) -- Ticket Income $159,220
Game was played at the Staples Center
Total Attendance: 16574 (92.08%)
Total Ticket Income: $1,051,247
Other Income: $515,111
Total Income: $1,566,358

Blues

5 vs 5 Forward 
   Center                   Left Wing                Right Wing               Time % Phy DF OF 
 1 Sean Couturier           Johan Franzen            Rick Nash                35     1   2  2  
 2 Steve Ott                Tomas Tatar              Brandon Saad             32     1   2  2  
 3 Andrew Desjardins        Artem Anisimov           Cam Atkinson             21     1   2  2  
 4 Colton Sissons           Anders Lee               Rick Nash                12     1   2  2  

5 vs 5 Defense 
   Defense                  Defense                                           Time % Phy DF OF 
 1 Zdeno Chara              Bryan Allen                                       35     1   2  2  
 2 Kevan Miller             Josh Gorges                                       32     1   2  2  
 3 Mark Fayne               Matt Donovan                                      21     1   2  2  
 4 Zdeno Chara              Hampus Lindholm                                   12     1   2  2  

PowerPlay Forward 
   Center                   Left Wing                Right Wing               Time % Phy DF OF 
 1 Sean Couturier           Steve Ott                Rick Nash                50     1   2  2  
 2 Johan Franzen            Artem Anisimov           Brandon Saad             50     1   2  2  

PowerPlay Defense
   Defense                  Defense                                           Time % Phy DF OF 
 1 Zdeno Chara              Josh Gorges                                       50     1   2  2  
 2 Hampus Lindholm          Matt Donovan                                      50     1   2  2  

Penalty Kill 4 Players Forward 
   Center                   Wing                     Time % Phy DF OF 
 1 Sean Couturier           Steve Ott                50     1   2  2  
 2 Rick Nash                Johan Franzen            50     1   2  2  

Penalty Kill 4 Players Defense
   Defense                  Defense                  Time % Phy DF OF 
 1 Zdeno Chara              Josh Gorges              50     1   2  2  
 2 Bryan Allen              Kevan Miller             50     1   2  2  

Penalty Kill - 3 Players Forward 
   Forward                                           Time % Phy DF OF 
 1 Sean Couturier                                    50     1   2  2  
 2 Artem Anisimov                                    50     1   2  2  

Penalty Kill - 3 Players Defense
   Defense                  Defense                  Time % Phy DF OF 
 1 Zdeno Chara              Josh Gorges              50     1   2  2  
 2 Bryan Allen              Kevan Miller             50     1   2  2  

4 vs 4 Forward 
   Center                   Wing                     Time % Phy DF OF 
 1 Sean Couturier           Rick Nash                50     1   2  2  
 2 Artem Anisimov           Johan Franzen            50     1   2  2  

4 vs 4 Defense
   Defense                  Defense                  Time % Phy DF OF 
 1 Zdeno Chara              Josh Gorges              50     1   2  2  
 2 Matt Donovan             Bryan Allen              50     1   2  2  

Last Minutes Offensive
   Center                   Left Wing                Right Wing               Defense                  Defense                  
   Sean Couturier           Brandon Saad             Rick Nash                Zdeno Chara              Josh Gorges              

Last Minutes Defensive
   Center                   Left Wing                Right Wing               Defense                  Defense                  
   Sean Couturier           Steve Ott                Rick Nash                Zdeno Chara              Josh Gorges              

Goaltenders
Starting : Henrik Lundqvist         
Backup : Frederik Andersen        

Extra Forwards
Normal : Tomas Tatar, Cam Atkinson, Andrew Desjardins - PP : Tomas Tatar, Cam Atkinson - PK : Andrew Desjardins
Extra Defensemen
Normal : Kevan Miller, Bryan Allen, Josh Gorges - PP : Kevan Miller - PK : Zdeno Chara, Josh Gorges
Penalty Shots
Sean Couturier, Steve Ott, Rick Nash, Johan Franzen, Artem Anisimov

Kings

5 vs 5 Forward 
   Center                   Left Wing                Right Wing               Time % Phy DF OF 
 1 Tyler Seguin             Milan Lucic              Mika Zibanejad           35     1   2  2  
 2 Tomas Kopecky            Carl Soderberg           Ryan Johansen            30     1   2  2  
 3 Ryan Johansen            Ryan Malone              Tyler Seguin             22     1   2  2  
 4 Vladislav Namestnikov    Matt Cullen              Vincent Trocheck         13     1   2  2  

5 vs 5 Defense 
   Defense                  Defense                                           Time % Phy DF OF 
 1 Cam Fowler               Keith Yandle                                      35     1   2  2  
 2 Ladislav Smid            Duncan Keith                                      30     1   2  2  
 3 Henrik Tallinder         Adam McQuaid                                      22     1   2  2  
 4 Duncan Keith             Cam Fowler                                        13     1   2  2  

PowerPlay Forward 
   Center                   Left Wing                Right Wing               Time % Phy DF OF 
 1 Tyler Seguin             Milan Lucic              Mika Zibanejad           60     1   2  2  
 2 Vladislav Namestnikov    Carl Soderberg           Ryan Johansen            40     1   2  2  

PowerPlay Defense
   Defense                  Defense                                           Time % Phy DF OF 
 1 Cam Fowler               Keith Yandle                                      60     1   2  2  
 2 Ladislav Smid            Henrik Tallinder                                  40     1   2  2  

Penalty Kill 4 Players Forward 
   Center                   Wing                     Time % Phy DF OF 
 1 Tyler Seguin             Mika Zibanejad           60     1   2  2  
 2 Ryan Johansen            Milan Lucic              40     1   2  2  

Penalty Kill 4 Players Defense
   Defense                  Defense                  Time % Phy DF OF 
 1 Cam Fowler               Keith Yandle             60     1   2  2  
 2 Ladislav Smid            Duncan Keith             40     1   2  2  

Penalty Kill - 3 Players Forward 
   Forward                                           Time % Phy DF OF 
 1 Tyler Seguin                                      60     1   2  2  
 2 Milan Lucic                                       40     1   2  2  

Penalty Kill - 3 Players Defense
   Defense                  Defense                  Time % Phy DF OF 
 1 Cam Fowler               Keith Yandle             60     1   2  2  
 2 Ladislav Smid            Duncan Keith             40     1   2  2  

4 vs 4 Forward 
   Center                   Wing                     Time % Phy DF OF 
 1 Tyler Seguin             Mika Zibanejad           60     1   2  2  
 2 Ryan Johansen            Milan Lucic              40     1   2  2  

4 vs 4 Defense
   Defense                  Defense                  Time % Phy DF OF 
 1 Cam Fowler               Keith Yandle             60     1   2  2  
 2 Ladislav Smid            Henrik Tallinder         40     1   2  2  

Last Minutes Offensive
   Center                   Left Wing                Right Wing               Defense                  Defense                  
   Tyler Seguin             Milan Lucic              Mika Zibanejad           Cam Fowler               Keith Yandle             

Last Minutes Defensive
   Center                   Left Wing                Right Wing               Defense                  Defense                  
   Tyler Seguin             Milan Lucic              Mika Zibanejad           Cam Fowler               Keith Yandle             

Goaltenders
Starting : Tuukka Rask              
Backup : Jonas Gustavsson         

Extra Forwards
Normal : Milan Lucic, Vladislav Namestnikov, Tyler Seguin - PP : Tyler Seguin, Vladislav Namestnikov - PK : Tyler Seguin
Extra Defensemen
Normal : Henrik Tallinder, Cam Fowler, Keith Yandle - PP : Henrik Tallinder - PK : Keith Yandle, Cam Fowler
Penalty Shots
Tyler Seguin, Vladislav Namestnikov, Ryan Johansen, Milan Lucic, Mika Zibanejad

% Time on Ice - Blues

Lines # - Real PCT - Wanted PCT - Time Play
Normal Forward
1 - 27% - 35% - 12:13
2 - 28% - 32% - 12:34
3 - 28% - 21% - 12:26
4 - 17% - 12% - 7:31
Normal Defense
1 - 29% - 35% - 12:59
2 - 27% - 32% - 12:01
3 - 32% - 21% - 14:11
4 - 12% - 12% - 5:33
PP Forward
1 - 40% - 50% - 0:48
2 - 60% - 50% - 1:11
PP Defense
1 - 33% - 50% - 0:39
2 - 67% - 50% - 1:20
PK Forward
1 - 48% - 50% - 6:21
2 - 52% - 50% - 6:56
PK Defense
1 - 55% - 50% - 7:20
2 - 45% - 50% - 5:57
PK3 Forward
1 - 0% - 50%
2 - 0% - 50%
PK3 Defense
1 - 0% - 50%
2 - 0% - 50%
44 Forward
1 - 0% - 50%
2 - 0% - 50%
44 Defense
1 - 0% - 50%
2 - 0% - 50%
Last Minute Offensive  - 0:00
Last Minute Defensive  - 0:00
Total
Forward - 60:00
Defense - 60:00

% Time on Ice - Kings

Lines # - Real PCT - Wanted PCT - Time Play
Normal Forward
1 - 25% - 35% - 11:19
2 - 28% - 30% - 12:44
3 - 14% - 22% - 6:17
4 - 32% - 13% - 14:24
Normal Defense
1 - 33% - 35% - 14:37
2 - 34% - 30% - 15:15
3 - 26% - 22% - 11:40
4 - 7% - 13% - 3:12
PP Forward
1 - 54% - 60% - 7:10
2 - 46% - 40% - 6:07
PP Defense
1 - 57% - 60% - 7:35
2 - 43% - 40% - 5:42
PK Forward
1 - 65% - 60% - 1:17
2 - 35% - 40% - 0:42
PK Defense
1 - 72% - 60% - 1:26
2 - 28% - 40% - 0:33
PK3 Forward
1 - 0% - 60%
2 - 0% - 40%
PK3 Defense
1 - 0% - 60%
2 - 0% - 40%
44 Forward
1 - 0% - 60%
2 - 0% - 40%
44 Defense
1 - 0% - 60%
2 - 0% - 40%
Last Minute Offensive  - 0:00
Last Minute Defensive  - 0:00
Total
Forward - 60:00
Defense - 60:00

Play by Play

1st period


0:01 of 1st period - Sean Couturier wins face-off versus Tyler Seguin in neutral zone.
0:34 of 1st period - Slapshot by Tyler Seguin.
0:34 of 1st period - Stopped by Henrik Lundqvist with a rebound.
0:36 of 1st period - Wrist shot by Tyler Seguin.
0:36 of 1st period - Shot Misses the Net.
0:38 of 1st period - Wrist shot by Milan Lucic.
0:38 of 1st period - Stopped by Henrik Lundqvist with a rebound.
1:35 of 1st period - Slapshot by Duncan Keith.
1:35 of 1st period - Stopped by Henrik Lundqvist without a rebound.
1:36 of 1st period - Vladislav Namestnikov wins face-off versus Steve Ott in Blues zone.
1:59 of 1st period - Snap shot by Tomas Tatar.
1:59 of 1st period - Deflect By Vincent Trocheck.
1:59 of 1st period - Stopped by Tuukka Rask with a rebound.
2:01 of 1st period - Slapshot by Josh Gorges.
2:01 of 1st period - Stopped by Tuukka Rask with a rebound.
2:03 of 1st period - Slapshot by Josh Gorges.
2:03 of 1st period - Stopped by Tuukka Rask with a rebound.
2:05 of 1st period - Slapshot by Josh Gorges.
2:05 of 1st period - Shot Misses the Net.
2:10 of 1st period - Minor Penalty to Adam McQuaid for High sticking.
2:11 of 1st period - Tyler Seguin wins face-off versus Johan Franzen in Kings zone.
3:36 of 1st period - Off-side.
3:37 of 1st period - Sean Couturier wins face-off versus Ryan Johansen in neutral zone.
4:10 of 1st period - Penalty to Adam McQuaid is over, Adam McQuaid is back on ice.
4:19 of 1st period - Snap shot by Brandon Saad.
4:19 of 1st period - Shot Misses the Net.
4:21 of 1st period - Wrist shot by Josh Gorges.
4:21 of 1st period - Shot Blocked by Ladislav Smid.
4:23 of 1st period - Slapshot by Josh Gorges.
4:23 of 1st period - Shot Blocked by Adam McQuaid.
4:38 of 1st period - Off-side.
4:39 of 1st period - Andrew Desjardins wins face-off versus Vladislav Namestnikov in neutral zone.
5:18 of 1st period - Matt Donovan is hit by Vincent Trocheck and loses puck.
5:25 of 1st period - Minor Penalty to Anders Lee for Tripping.
5:26 of 1st period - Sean Couturier wins face-off versus Milan Lucic in Blues zone.
5:45 of 1st period - Snap shot by Milan Lucic.
5:45 of 1st period - Stopped by Henrik Lundqvist with a rebound.
5:47 of 1st period - Slapshot by Cam Fowler.
5:47 of 1st period - Stopped by Henrik Lundqvist with a rebound.
6:09 of 1st period - Snap shot by Ryan Johansen.
6:09 of 1st period - Stopped by Henrik Lundqvist with a rebound.
6:11 of 1st period - Slapshot by Cam Fowler.
6:11 of 1st period - Stopped by Henrik Lundqvist without a rebound.
6:12 of 1st period - Vladislav Namestnikov wins face-off versus Rick Nash in Blues zone.
6:17 of 1st period - Wrist shot by Ryan Johansen.
6:17 of 1st period - Shot Misses the Net.
7:14 of 1st period - Snap shot by Zdeno Chara.
7:14 of 1st period - Stopped by Tuukka Rask with a rebound.
7:20 of 1st period - Steve Ott is hit by Ladislav Smid and loses puck.
7:25 of 1st period - Penalty to Anders Lee is over, Anders Lee is back on ice.
8:13 of 1st period - Matt Donovan is hit by Vladislav Namestnikov and loses puck.
9:26 of 1st period - Wrist shot by Matt Cullen.
9:26 of 1st period - Stopped by Henrik Lundqvist with a rebound.
9:54 of 1st period - Snap shot by Anders Lee.
9:54 of 1st period - Shot Misses the Net.
10:51 of 1st period - Wrist shot by Anders Lee.
10:51 of 1st period - Deflect By Rick Nash.
10:51 of 1st period - Shot Misses the Net.
10:51 of 1st period - Puck is out of play.
10:52 of 1st period - Vladislav Namestnikov wins face-off versus Colton Sissons in Kings zone.
11:01 of 1st period - Minor Penalty to Hampus Lindholm for Tripping.
11:02 of 1st period - Rick Nash wins face-off versus Tyler Seguin in Blues zone.
11:18 of 1st period - Snap shot by Milan Lucic.
11:18 of 1st period - Shot Blocked by Bryan Allen.
11:20 of 1st period - Wrist shot by Milan Lucic.
11:20 of 1st period - Shot Misses the Net.
12:46 of 1st period - Off-side.
12:47 of 1st period - Sean Couturier wins face-off versus Vincent Trocheck in neutral zone.
13:01 of 1st period - Penalty to Hampus Lindholm is over, Hampus Lindholm is back on ice.
13:50 of 1st period - Wrist shot by Cam Atkinson.
13:50 of 1st period - Shot Misses the Net.
14:08 of 1st period - Ladislav Smid is hit by Tomas Tatar and loses puck.
14:13 of 1st period - Wrist shot by Brandon Saad.
14:13 of 1st period - Shot Misses the Net.
14:15 of 1st period - Slapshot by Mark Fayne.
14:15 of 1st period - Stopped by Tuukka Rask without a rebound.
14:16 of 1st period - Steve Ott wins face-off versus Tyler Seguin in Kings zone.
15:33 of 1st period - Snap shot by Tyler Seguin.
15:33 of 1st period - Shot Blocked by Kevan Miller.
15:57 of 1st period - Vincent Trocheck is hit by Josh Gorges and loses puck.
17:22 of 1st period - Keith Yandle is hit by Zdeno Chara.
17:30 of 1st period - Snap shot by Carl Soderberg.
17:30 of 1st period - Stopped by Henrik Lundqvist with a rebound.
17:36 of 1st period - Milan Lucic is hit by Johan Franzen and loses puck.
18:40 of 1st period - Slapshot by Zdeno Chara.
18:40 of 1st period - Shot Misses the Net.
18:42 of 1st period - Slapshot by Zdeno Chara.
18:42 of 1st period - Deflect By Colton Sissons.
18:42 of 1st period - Stopped by Tuukka Rask without a rebound.
18:43 of 1st period - Ryan Johansen wins face-off versus Colton Sissons in Kings zone.
19:00 of 1st period - Snap shot by Ryan Johansen.
19:00 of 1st period - Shot Blocked by Zdeno Chara.
19:24 of 1st period - Vincent Trocheck is hit by Kevan Miller and loses puck.
19:49 of 1st period - Josh Gorges is hit by Duncan Keith and loses puck.
Goals for this period are 0 for Blues vs 0 for Kings.
Shots for this period are 6 for Blues vs 9 for Kings.

2nd period


0:01 of 2nd period - Tyler Seguin wins face-off versus Sean Couturier in neutral zone.
0:14 of 2nd period - Snap shot by Keith Yandle.
0:14 of 2nd period - Stopped by Henrik Lundqvist with a rebound.
0:16 of 2nd period - Wrist shot by Milan Lucic.
0:16 of 2nd period - Deflect By Tyler Seguin.
0:16 of 2nd period - Shot Misses the Net.
0:16 of 2nd period - Puck is out of play.
0:17 of 2nd period - Sean Couturier wins face-off versus Tyler Seguin in Blues zone.
0:22 of 2nd period - Slapshot by Rick Nash.
0:22 of 2nd period - Stopped by Tuukka Rask with a rebound.
0:34 of 2nd period - Slapshot by Cam Fowler.
0:34 of 2nd period - Shot Blocked by Josh Gorges.
1:12 of 2nd period - Steve Ott is hit by Keith Yandle and loses puck.
1:45 of 2nd period - Snap shot by Cam Atkinson.
1:45 of 2nd period - Shot Blocked by Keith Yandle.
1:47 of 2nd period - Slapshot by Bryan Allen.
1:47 of 2nd period - Shot Misses the Net.
1:49 of 2nd period - Snap shot by Andrew Desjardins.
1:49 of 2nd period - Stopped by Tuukka Rask without a rebound.
1:50 of 2nd period - Andrew Desjardins wins face-off versus Vladislav Namestnikov in Kings zone.
2:15 of 2nd period - Snap shot by Matt Cullen.
2:15 of 2nd period - Stopped by Henrik Lundqvist with a rebound.
2:43 of 2nd period - Duncan Keith is hit by Sean Couturier and loses puck.
3:03 of 2nd period - Ladislav Smid is hit by Johan Franzen and loses puck.
3:38 of 2nd period - Minor Penalty to Zdeno Chara for Diving.
3:39 of 2nd period - Johan Franzen wins face-off versus Vladislav Namestnikov in Blues zone.
3:58 of 2nd period - Snap shot by Steve Ott.
3:58 of 2nd period - Stopped by Tuukka Rask without a rebound.
3:59 of 2nd period - Steve Ott wins face-off versus Vladislav Namestnikov in Kings zone.
5:38 of 2nd period - Penalty to Zdeno Chara is over, Zdeno Chara is back on ice.
5:52 of 2nd period - Matt Donovan is hit by Matt Cullen.
6:11 of 2nd period - Zdeno Chara is hit by Ladislav Smid and loses puck.
6:26 of 2nd period - Snap shot by Carl Soderberg.
6:26 of 2nd period - Shot Misses the Net.
6:54 of 2nd period - Snap shot by Tyler Seguin.
6:54 of 2nd period - Shot Misses the Net.
7:13 of 2nd period - Slapshot by Keith Yandle.
7:13 of 2nd period - Deflect By Carl Soderberg.
7:13 of 2nd period - Stopped by Henrik Lundqvist without a rebound.
7:14 of 2nd period - Steve Ott wins face-off versus Carl Soderberg in Blues zone.
7:33 of 2nd period - Slapshot by Tomas Tatar.
7:33 of 2nd period - Stopped by Tuukka Rask with a rebound.
7:54 of 2nd period - Off-side.
7:55 of 2nd period - Andrew Desjardins wins face-off versus Vladislav Namestnikov in neutral zone.
8:03 of 2nd period - Josh Gorges is hit by Matt Cullen and loses puck.
8:34 of 2nd period - Mark Fayne is hit by Ladislav Smid and loses puck.
8:49 of 2nd period - Wrist shot by Rick Nash.
8:49 of 2nd period - Stopped by Tuukka Rask without a rebound.
8:50 of 2nd period - Vladislav Namestnikov wins face-off versus Rick Nash in Kings zone.
8:50 of 2nd period - Vladislav Namestnikov is hit by Johan Franzen.
8:59 of 2nd period - Sean Couturier is hit by Adam McQuaid and loses puck.
9:14 of 2nd period - Minor Penalty to Rick Nash for Hooking.
9:15 of 2nd period - Tyler Seguin wins face-off versus Andrew Desjardins in Blues zone.
9:24 of 2nd period - Wrist shot by Milan Lucic.
9:24 of 2nd period - Shot Blocked by Kevan Miller.
10:06 of 2nd period - Bryan Allen is hit by Mika Zibanejad and loses puck.
11:01 of 2nd period - Snap shot by Milan Lucic.
11:01 of 2nd period - Shot Blocked by Bryan Allen.
11:03 of 2nd period - Slapshot by Cam Fowler.
11:03 of 2nd period - Shot Misses the Net.
11:14 of 2nd period - Penalty to Rick Nash is over, Rick Nash is back on ice.
11:21 of 2nd period - Bryan Allen is hit by Ryan Johansen and loses puck.
11:28 of 2nd period - Sean Couturier is hit by Carl Soderberg.
12:02 of 2nd period - Snap shot by Matt Cullen.
12:02 of 2nd period - Shot Blocked by Tomas Tatar.
12:04 of 2nd period - Slapshot by Henrik Tallinder.
12:04 of 2nd period - Goal by Henrik Tallinder - Blues : 0 - Kings : 1.
12:05 of 2nd period - Tyler Seguin wins face-off versus Colton Sissons in neutral zone.
12:24 of 2nd period - Slapshot by Duncan Keith.
12:24 of 2nd period - Shot Misses the Net.
13:08 of 2nd period - Snap shot by Steve Ott.
13:08 of 2nd period - Shot Misses the Net.
13:10 of 2nd period - Snap shot by Steve Ott.
13:10 of 2nd period - Shot Misses the Net.
13:27 of 2nd period - Matt Cullen is hit by Andrew Desjardins and loses puck.
13:38 of 2nd period - Cam Atkinson is hit by Vladislav Namestnikov and loses puck.
13:58 of 2nd period - Icing by Josh Gorges.
13:59 of 2nd period - Sean Couturier wins face-off versus Tomas Kopecky in Blues zone.
14:55 of 2nd period - Snap shot by Milan Lucic.
14:55 of 2nd period - Stopped by Henrik Lundqvist with a rebound.
14:57 of 2nd period - Slapshot by Henrik Tallinder.
14:57 of 2nd period - Stopped by Henrik Lundqvist with a rebound.
14:59 of 2nd period - Slapshot by Adam McQuaid.
14:59 of 2nd period - Stopped by Henrik Lundqvist without a rebound.
15:00 of 2nd period - Andrew Desjardins wins face-off versus Tyler Seguin in Blues zone.
15:05 of 2nd period - Adam McQuaid is hit by Artem Anisimov and loses puck.
15:38 of 2nd period - Wrist shot by Rick Nash.
15:38 of 2nd period - Stopped by Tuukka Rask without a rebound.
15:39 of 2nd period - Sean Couturier wins face-off versus Ryan Johansen in Kings zone.
15:42 of 2nd period - Snap shot by Rick Nash.
15:42 of 2nd period - Shot Blocked by Cam Fowler.
15:44 of 2nd period - Slapshot by Mark Fayne.
15:44 of 2nd period - Deflect By Johan Franzen.
15:44 of 2nd period - Stopped by Tuukka Rask with a rebound.
15:46 of 2nd period - Slapshot by Mark Fayne.
15:46 of 2nd period - Shot Blocked by Ryan Johansen.
15:48 of 2nd period - Slapshot by Matt Donovan.
15:48 of 2nd period - Shot Misses the Net.
15:50 of 2nd period - Snap shot by Matt Donovan.
15:50 of 2nd period - Stopped by Tuukka Rask with a rebound.
15:52 of 2nd period - Wrist shot by Mark Fayne.
15:52 of 2nd period - Shot Blocked by Tyler Seguin.
15:54 of 2nd period - Slapshot by Matt Donovan.
15:54 of 2nd period - Shot Misses the Net.
17:06 of 2nd period - Slapshot by Cam Atkinson.
17:06 of 2nd period - Stopped by Tuukka Rask with a rebound.
17:08 of 2nd period - Backhand shot by Artem Anisimov.
17:08 of 2nd period - Stopped by Tuukka Rask without a rebound.
17:09 of 2nd period - Tomas Kopecky wins face-off versus Colton Sissons in Kings zone.
18:02 of 2nd period - Zdeno Chara is hit by Ladislav Smid and loses puck.
18:35 of 2nd period - Wrist shot by Ryan Johansen.
18:35 of 2nd period - Goal by Ryan Johansen - Blues : 0 - Kings : 2.
18:36 of 2nd period - Tomas Kopecky wins face-off versus Steve Ott in neutral zone.
18:57 of 2nd period - Snap shot by Ryan Johansen.
18:57 of 2nd period - Stopped by Henrik Lundqvist without a rebound.
18:58 of 2nd period - Milan Lucic wins face-off versus Sean Couturier in Blues zone.
19:05 of 2nd period - Wrist shot by Tyler Seguin.
19:05 of 2nd period - Shot Misses the Net.
19:13 of 2nd period - Bryan Allen is hit by Cam Fowler and loses puck.
19:44 of 2nd period - Snap shot by Matt Cullen.
19:44 of 2nd period - Stopped by Henrik Lundqvist with a rebound.
19:57 of 2nd period - Backhand shot by Tomas Tatar.
19:57 of 2nd period - Shot Misses the Net.
19:59 of 2nd period - Snap shot by Josh Gorges.
19:59 of 2nd period - Stopped by Tuukka Rask with a rebound.
Goals for this period are 0 for Blues vs 2 for Kings.
Shots for this period are 11 for Blues vs 10 for Kings.

3rd period


0:01 of 3rd period - Tyler Seguin wins face-off versus Sean Couturier in neutral zone.
0:38 of 3rd period - Slapshot by Rick Nash.
0:38 of 3rd period - Shot Misses the Net.
0:56 of 3rd period - Snap shot by Brandon Saad.
0:56 of 3rd period - Deflect By Tomas Tatar.
0:56 of 3rd period - Stopped by Tuukka Rask without a rebound.
0:57 of 3rd period - Steve Ott wins face-off versus Tomas Kopecky in Kings zone.
2:15 of 3rd period - Mark Fayne is hit by Carl Soderberg and loses puck.
2:40 of 3rd period - Slapshot by Vincent Trocheck.
2:40 of 3rd period - Shot Misses the Net.
2:42 of 3rd period - Wrist shot by Vincent Trocheck.
2:42 of 3rd period - Stopped by Henrik Lundqvist with a rebound.
2:58 of 3rd period - Snap shot by Matt Cullen.
2:58 of 3rd period - Shot Misses the Net.
4:13 of 3rd period - Cam Fowler is hit by Colton Sissons.
5:00 of 3rd period - Minor Penalty to Johan Franzen for Holding.
5:01 of 3rd period - Sean Couturier wins face-off versus Tyler Seguin in Blues zone.
5:07 of 3rd period - Icing by Henrik Tallinder.
5:08 of 3rd period - Sean Couturier wins face-off versus Tyler Seguin in Kings zone.
6:02 of 3rd period - Wrist shot by Cam Fowler.
6:02 of 3rd period - Shot Blocked by Josh Gorges.
6:04 of 3rd period - Slapshot by Keith Yandle.
6:04 of 3rd period - Shot Misses the Net.
6:06 of 3rd period - Wrist shot by Milan Lucic.
6:06 of 3rd period - Stopped by Henrik Lundqvist with a rebound.
7:00 of 3rd period - Penalty to Johan Franzen is over, Johan Franzen is back on ice.
7:31 of 3rd period - Snap shot by Carl Soderberg.
7:31 of 3rd period - Deflect By Mika Zibanejad.
7:31 of 3rd period - Stopped by Henrik Lundqvist with a rebound.
7:33 of 3rd period - Backhand shot by Carl Soderberg.
7:33 of 3rd period - Shot Blocked by Artem Anisimov.
7:35 of 3rd period - Snap shot by Ladislav Smid.
7:35 of 3rd period - Shot Misses the Net.
7:57 of 3rd period - Backhand shot by Matt Cullen.
7:57 of 3rd period - Stopped by Henrik Lundqvist with a rebound.
7:59 of 3rd period - Wrist shot by Adam McQuaid.
7:59 of 3rd period - Shot Misses the Net.
9:10 of 3rd period - Duncan Keith is hit by Zdeno Chara and loses puck.
9:15 of 3rd period - Snap shot by Tomas Tatar.
9:15 of 3rd period - Shot Blocked by Duncan Keith.
9:17 of 3rd period - Snap shot by Tomas Tatar.
9:17 of 3rd period - Shot Misses the Net.
9:33 of 3rd period - Snap shot by Rick Nash.
9:33 of 3rd period - Stopped by Tuukka Rask without a rebound.
9:34 of 3rd period - Tomas Kopecky wins face-off versus Sean Couturier in Kings zone.
11:04 of 3rd period - Ladislav Smid is hit by Kevan Miller.
11:10 of 3rd period - Snap shot by Anders Lee.
11:10 of 3rd period - Shot Blocked by Ladislav Smid.
11:28 of 3rd period - Ryan Johansen is hit by Cam Atkinson and loses puck.
11:43 of 3rd period - Matt Donovan is hit by Adam McQuaid and loses puck.
11:54 of 3rd period - Adam McQuaid is hit by Mark Fayne.
12:16 of 3rd period - Snap shot by Cam Atkinson.
12:16 of 3rd period - Shot Blocked by Henrik Tallinder.
12:18 of 3rd period - Wrist shot by Colton Sissons.
12:18 of 3rd period - Shot Misses the Net.
12:20 of 3rd period - Wrist shot by Anders Lee.
12:20 of 3rd period - Shot Misses the Net.
12:22 of 3rd period - Slapshot by Kevan Miller.
12:22 of 3rd period - Shot Misses the Net.
12:26 of 3rd period - Snap shot by Cam Atkinson.
12:26 of 3rd period - Shot Misses the Net.
12:45 of 3rd period - Off-side.
12:46 of 3rd period - Steve Ott wins face-off versus Tyler Seguin in neutral zone.
13:37 of 3rd period - Vincent Trocheck is hit by Andrew Desjardins and loses puck.
14:12 of 3rd period - Wrist shot by Rick Nash.
14:12 of 3rd period - Stopped by Tuukka Rask with a rebound.
15:21 of 3rd period - Minor Penalty to Andrew Desjardins for Boarding.
15:22 of 3rd period - Tyler Seguin wins face-off versus Johan Franzen in Blues zone.
15:27 of 3rd period - Snap shot by Tyler Seguin.
15:27 of 3rd period - Shot Blocked by Johan Franzen.
15:29 of 3rd period - Slapshot by Keith Yandle.
15:29 of 3rd period - Stopped by Henrik Lundqvist with a rebound.
15:31 of 3rd period - Slapshot by Mika Zibanejad.
15:31 of 3rd period - Shot Misses the Net.
15:33 of 3rd period - Slapshot by Cam Fowler.
15:33 of 3rd period - Shot Misses the Net.
15:35 of 3rd period - Snap shot by Cam Fowler.
15:35 of 3rd period - Shot Misses the Net.
15:51 of 3rd period - Slapshot by Keith Yandle.
15:51 of 3rd period - Shot Blocked by Kevan Miller.
15:53 of 3rd period - Slapshot by Vladislav Namestnikov.
15:53 of 3rd period - Shot Misses the Net.
15:55 of 3rd period - Slapshot by Cam Fowler.
15:55 of 3rd period - Shot Blocked by Bryan Allen.
15:57 of 3rd period - Slapshot by Cam Fowler.
15:57 of 3rd period - Stopped by Henrik Lundqvist with a rebound.
15:59 of 3rd period - Wrist shot by Vladislav Namestnikov.
15:59 of 3rd period - Shot Blocked by Bryan Allen.
16:01 of 3rd period - Snap shot by Keith Yandle.
16:01 of 3rd period - Deflect By Ryan Johansen.
16:01 of 3rd period - Stopped by Henrik Lundqvist without a rebound.
16:02 of 3rd period - Sean Couturier wins face-off versus Vladislav Namestnikov in Blues zone.
16:11 of 3rd period - Slapshot by Ryan Johansen.
16:11 of 3rd period - Shot Blocked by Josh Gorges.
16:13 of 3rd period - Wrist shot by Ladislav Smid.
16:13 of 3rd period - Stopped by Henrik Lundqvist without a rebound.
16:14 of 3rd period - Vladislav Namestnikov wins face-off versus Sean Couturier in Blues zone.
16:47 of 3rd period - Snap shot by Tyler Seguin.
16:47 of 3rd period - Shot Blocked by Josh Gorges.
16:49 of 3rd period - Slapshot by Ladislav Smid.
16:49 of 3rd period - Stopped by Henrik Lundqvist with a rebound.
16:51 of 3rd period - Slapshot by Ladislav Smid.
16:51 of 3rd period - Shot Misses the Net.
16:53 of 3rd period - Snap shot by Milan Lucic.
16:53 of 3rd period - Deflect By Tyler Seguin.
16:53 of 3rd period - Shot Misses the Net.
16:53 of 3rd period - Puck is out of play.
16:54 of 3rd period - Milan Lucic wins face-off versus Rick Nash in Blues zone.
17:21 of 3rd period - Penalty to Andrew Desjardins is over, Andrew Desjardins is back on ice.
17:51 of 3rd period - Icing by Vincent Trocheck.
17:52 of 3rd period - Steve Ott wins face-off versus Vladislav Namestnikov in Kings zone.
18:00 of 3rd period - Tomas Tatar is hit by Ladislav Smid and loses puck.
18:11 of 3rd period - Slapshot by Duncan Keith.
18:11 of 3rd period - Shot Misses the Net.
18:31 of 3rd period - Slapshot by Carl Soderberg.
18:31 of 3rd period - Shot Misses the Net.
18:33 of 3rd period - Wrist shot by Duncan Keith.
18:33 of 3rd period - Deflect By Ryan Johansen.
18:33 of 3rd period - Shot Misses the Net.
18:33 of 3rd period - Puck is out of play.
18:34 of 3rd period - Andrew Desjardins wins face-off versus Tomas Kopecky in Blues zone.
18:36 of 3rd period - Minor Penalty to Andrew Desjardins for Boarding.
18:37 of 3rd period - Tyler Seguin wins face-off versus Rick Nash in Blues zone.
18:51 of 3rd period - Wrist shot by Milan Lucic.
18:51 of 3rd period - Deflect By Mika Zibanejad.
18:51 of 3rd period - Shot Blocked by Bryan Allen.
18:51 of 3rd period - Puck is out of play.
18:52 of 3rd period - Milan Lucic wins face-off versus Rick Nash in Blues zone.
19:07 of 3rd period - Backhand shot by Ryan Johansen.
19:07 of 3rd period - Stopped by Henrik Lundqvist without a rebound.
19:08 of 3rd period - Vladislav Namestnikov wins face-off versus Steve Ott in Blues zone.
19:31 of 3rd period - Slapshot by Zdeno Chara.
19:31 of 3rd period - Shot Blocked by Mika Zibanejad.
Goals for this period are 0 for Blues vs 0 for Kings.
Shots for this period are 3 for Blues vs 10 for Kings.


Output by the SimonT Hockey Simulator (STHS) for Eric Dolegowski -- Original Page W3C XHTML 1.0 Valid
Hockey Simulator - Hockey Simulation - Hockey Manager